Cogmind - Beta 10.2 @@@ ROGUE MODE // 2021.05.27 @ 14:51:39 Player: Plexion Result: Destroyed by P-80 Master with Gamma Rifle Performance ------------- Evolutions (9) 4500 Regions Visited (28) 5600 Robots Destroyed (406) 2030 Value Destroyed (23966) 23966 Prototype IDs (47) 940 Alien Tech Used (3) 600 Bonus (14255) 14255 TOTAL SCORE: 51891 Bonus ------- High Alert Combat Kills 4832 Follower Combat Kills 4520 Entered Garrisons 1800 Used RIF Installer 4500 Aligned with FarCom 300 Friendly Fire -1697 Cogmind --------- Core Integrity 0/1600 Matter 81/300 Energy 98/100 System Corruption 24% Temperature Cool (0) Movement Core (50) Location -1/Access Parts ------- > --- POWER (2) -------- (None) > --- PROPULSION (4) --- Enhanced Armored Heavy Treads > --- UTILITY (14) ----- Advanced Signal Interpreter Advanced Target Analyzer Advanced Target Analyzer Relay Coupler [Grunt] (1) Relay Coupler [Brawler] (39) > --- WEAPON (5) ------- (None) > --- INVENTORY (4) ---- Subatomic Replicator Omega Cannon Advanced Remote Datajack Peak State ------------ > --- POWER ------------ Quantum Reactor Light Quantum Reactor > --- PROPULSION ------- Biometal Heavy Treads Biometal Heavy Treads > --- UTILITY ---------- High-capacity Storage Unit High-capacity Storage Unit Advanced Signal Interpreter Advanced Target Analyzer Advanced Target Analyzer Advanced Target Analyzer Heavy Armor Plating Relay Coupler [Swarmer] Relay Coupler [Grunt] Relay Coupler [Brawler] Relay Coupler [Sentry] > --- WEAPON ----------- XL Autogun Array Longsword +1 > --- INVENTORY -------- Light Particle Reactor Light Quantum Reactor Biometal Heavy Treads Experimental Biometal Heavy Treads Subatomic Replicator Heavy Phase Cannon Nova Cannon Core Cannon KE Penetrator KE Penetrator KE Penetrator Improved KE Penetrator Omega Cannon Gamma Bomb Array Advanced Remote Datajack Advanced Remote Datajack [Rating: 161] Favorites ----------- Power Particle Reactor Engine Improved Deuterium Engine Power Core Micro Nuclear Core Reactor Particle Reactor Propulsion Light Treads Treads Light Treads Leg Carbon-fiber Leg Wheel Armored Huge Wheel Utility High-capacity Storage Unit Device Advanced Force Field Storage High-capacity Storage Unit Processor Advanced Target Analyzer Hackware Relay Coupler [Sentry] Protection Centrium Medium Armor Plating Artifact Phase Redirector Weapon Railgun Energy Cannon Heavy Phase Cannon Ballistic Gun Railgun Ballistic Cannon Flak Cannon Launcher Tesla Bomb Launcher Special Weapon Improved Remote Datajack Slashing Weapon Power Sword Special Melee Weapon Improved Datajack Build | -11 -10 -10 -10 -9 -8 -8 -8 -8 -7 -7 -7 -7 -6 -6 -5 -5 -5 -5 -5 -5 -4 -4 -3 -3 -3 -2 -2 -1 ------- Run | Scr Mat Min Exi Min Mat Gar Mat Gar Fac Gar Fac Gar Fac Gar Fac Was Fac Gar Fac Gar Fac Gar Res Tes Gar Res Qua Acc Slots Evolved 18 | . . . . . 4 . . . 2 . . . 2 . 2 . . . . . 2 . 2 . . 2 . 2 Power 1 | . . . . . . . . . . . . . . . . . . . . . 1 . . . . . . . Propulsion 2 | . . . . . 1 . . . . . . . 1 . . . . . . . . . . . . . . . Utility 12 | . . . . . 3 . . . 2 . . . 1 . 1 . . . . . 1 . 1 . . 1 . 2 Weapon 3 | . . . . . . . . . . . . . . . 1 . . . . . . . 1 . . 1 . . Parts Attached 580 | 6 5 4 2 . 28 19 6 8 55 19 5 40 16 32 28 11 22 16 2 17 23 28 44 35 29 52 22 6 Power 47 | 1 1 . . . 2 2 . 1 2 2 1 . . 1 1 2 1 1 . 2 2 4 4 5 1 9 2 . Engine 9 | 1 1 . . . . 2 . 1 2 . . . . 1 1 . . . . . . . . . . . . . Core 11 | . . . . . 2 . . . . 2 1 . . . . . . 1 . 1 2 1 . . . 1 . . Reactor 27 | . . . . . . . . . . . . . . . . 2 1 . . 1 . 3 4 5 1 8 2 . Propulsion 81 | 2 . 2 . . 8 1 1 . 10 1 1 6 2 5 7 2 1 2 . 6 2 . 2 2 2 8 2 6 Treads 69 | 2 . 2 . . 8 1 1 . 10 1 1 6 . . 3 2 1 2 . 6 2 . 2 2 2 8 2 5 Leg 10 | . . . . . . . . . . . . . 1 4 4 . . . . . . . . . . . . 1 Wheel 2 | . . . . . . . . . . . . . 1 1 . . . . . . . . . . . . . . Hover . | . . . . . . . . . . . . . . . . . . . . . . . . . . . . . Flight . | . . . . . . . . . . . . . . . . . . . . . . . . . . . . . Utility 149 | 1 3 . 2 . 7 3 . 1 10 5 . 9 3 13 5 3 6 7 1 2 6 14 11 14 6 11 6 . Device 30 | . . . . . . . . . 1 1 . . 1 3 . 1 1 . . . 2 6 4 6 1 1 2 . Storage 11 | 1 3 . 2 . 1 . . . 2 . . . 1 . . . . 1 . . . . . . . . . . Processor 7 | . . . . . . . . . . . . . . . . . . . . . . . 2 . . 5 . . Hackware 56 | . . . . . . 1 . 1 2 3 . 7 1 9 3 . 2 4 1 1 1 5 2 2 5 5 1 . Protection 43 | . . . . . 6 2 . . 5 1 . 2 . 1 2 2 3 2 . 1 3 3 3 6 . . 1 . Artifact 2 | . . . . . . . . . . . . . . . . . . . . . . . . . . . 2 . Weapon 303 | 2 1 2 . . 11 13 5 6 33 11 3 25 11 13 15 4 14 6 1 7 13 10 27 14 20 24 12 . Energy Gun . | . . . . . . . . . . . . . . . . . . . . . . . . . . . . . Energy Cannon 16 | . . . . . . 1 . . . . . . 1 . . . . . . . 1 2 2 3 3 1 2 . Ballistic Gun 113 | 2 1 2 . . 2 1 1 . 12 7 . 10 4 . . . 4 3 1 5 4 4 13 6 13 14 4 . Ballistic Cannon 39 | . . . . . 7 5 2 3 3 . . 5 2 2 2 1 4 . . . . . . 1 . . 2 . Launcher 24 | . . . . . 1 2 . . 5 . . . 1 . 4 . 2 1 . 1 1 1 1 2 1 1 . . Special Weapon 62 | . . . . . . . . . 5 3 2 7 1 5 7 3 3 2 . . 5 1 5 1 3 6 3 . Impact Weapon . | . . . . . . . . . . . . . . . . . . . . . . . . . . . . . Slashing Weapon 45 | . . . . . 1 3 1 2 7 1 1 3 2 6 2 . 1 . . 1 2 2 6 1 . 2 1 . Piercing Weapon . | . . . . . . . . . . . . . . . . . . . . . . . . . . . . . Special Melee Weapon 4 | . . . . . . 1 1 1 1 . . . . . . . . . . . . . . . . . . . Unidentified Prototypes 21 | . . . . . 1 . . . . . . . 2 . 1 1 . . . . . . 1 7 . 4 3 1 Parts Lost 132 | . 1 . . . 6 5 . . 9 6 . 15 3 4 2 . 2 7 1 4 2 4 4 10 7 23 10 7 Power 23 | . 1 . . . 2 2 . . . 2 . . . 1 . . 1 1 . . . . 1 2 1 6 3 . Propulsion 28 | . . . . . 1 . . . 2 1 . 5 2 2 1 . . 2 . 2 . . . 1 2 2 1 4 Utility 47 | . . . . . 2 2 . . 5 1 . 4 1 1 1 . 1 1 . 1 2 2 2 5 1 8 4 3 Weapon 34 | . . . . . 1 1 . . 2 2 . 6 . . . . . 3 1 1 . 2 1 2 3 7 2 . Highest Loss Streak 11 | . 1 . . . 2 2 . . 3 2 . 6 2 1 1 . 2 7 1 2 1 1 2 4 3 11 3 3 Average Slot Usage (%) 89 | . 97 100 100 100 91 90 100 100 89 94 100 94 90 87 96 88 87 87 88 97 93 88 88 86 88 82 66 36 Engine 2 | . 14 14 14 14 1 1 9 9 7 2 . . . 4 5 . . . . . . . . . . . . . Core 2 | . . . . . 3 4 . . . 3 7 7 6 1 . . . 4 5 1 4 5 2 . . 1 . . Reactor 2 | . . . . . . . . . . . . . . . . 4 5 . . 3 5 5 5 8 8 6 6 . Treads 15 | . 28 28 28 28 26 27 27 27 22 22 23 22 13 . 4 11 11 11 11 21 15 10 8 9 9 7 8 4 Device 2 | . . . . . . . . . . 7 7 2 . 1 4 . . 1 . . 4 7 3 4 5 2 1 . Storage 21 | . 25 28 28 28 26 27 27 27 23 23 23 23 22 26 23 23 23 23 23 23 21 21 19 19 19 15 5 . Processor 1 | . . . . . . . . . . . . . . . . . . . . . . . 3 1 . 6 17 14 Hackware 14 | . . . . . . 1 9 9 7 5 7 21 28 20 17 23 22 16 23 23 18 20 16 14 20 19 17 15 Protection 6 | . . . . . 15 12 9 9 11 12 15 1 . 1 4 4 4 9 5 4 7 1 7 7 6 . . . Ballistic Gun 8 | . 28 28 28 28 2 1 9 9 9 12 10 4 2 . . . 3 11 11 10 10 4 14 11 12 12 3 . Ballistic Cannon 3 | . . . . . 14 7 5 6 2 . . 4 2 5 10 9 8 . . . . . . . . . . . Special Weapon 2 | . . . . . . . . . 1 . 3 3 1 3 . 6 4 4 5 5 3 4 1 . 3 3 . . Slashing Weapon 1 | . . . . . . 1 . 1 . 1 . . 3 2 3 . . . . . . 2 2 2 . 3 1 . Naked Turns . | . . . . . . . . . . . . . . . . . . . . . . . . . . . . . Heaviest Build 247 | 11 39 41 73 73 128 128 115 119 139 119 116 118 146 149 164 167 172 180 155 162 186 202 223 247 219 201 132 . Greatest Support 170 | 40 40 40 40 40 60 60 60 60 68 60 68 68 60 60 123 140 140 140 140 140 120 120 135 145 145 170 150 3 Greatest Overweight (x) 14 | . . 1 1 1 2 2 1 1 2 2 1 2 5 14 2 1 1 1 1 2 1 1 3 1 1 2 . . Average Overweight (x) 1 | . . . 1 1 1 1 1 1 1 1 1 1 3 3 1 1 1 1 1 1 1 1 1 1 1 . . . Largest Inventory Capacity 36 | 6 16 16 20 20 28 28 28 28 28 28 28 28 36 36 36 36 36 36 36 36 36 36 36 36 36 36 20 4 Average Capacity 30 | 4 10 16 18 20 27 28 28 28 28 28 28 28 31 36 36 36 36 36 36 36 36 36 36 36 36 34 14 4 Most Carried 36 | 2 13 16 20 20 28 28 28 28 28 28 28 28 32 32 36 36 36 34 33 36 36 36 36 36 33 33 20 4 Average Carried 27 | . 6 15 17 20 25 27 27 27 27 26 25 21 28 29 34 35 34 29 32 32 34 33 35 29 25 29 13 4 Final Capacity 36 | 6 16 16 20 20 28 28 28 28 28 28 28 28 36 36 36 36 36 36 36 36 36 36 36 36 36 20 4 4 Final Carried 36 | 2 13 16 20 20 28 26 28 28 28 25 26 22 31 32 36 36 32 33 32 36 31 35 36 26 33 19 4 4 Class Distribution -------------------- 31% | Botlord-Mutant 23% | Bothacker-Mutant 23% | Hauler-Mutant 5% | Botlord-Tank 4% | Hauler-Tank 3% | Botlord-Gunner 3% | Scavenger-Mutant Dominant Class ---------------- Mutant | -10/Materials Scavenger-Mutant | -10/Mines Hauler-Mutant | -10/Exiles Hauler-Mutant | -9/Mines Hauler-Mutant | -8/Materials Hauler-Mutant | -8/Garrison Hauler-Mutant | -8/Materials Bothacker-Mutant | -8/Garrison Bothacker-Mutant | -7/Factory Scavenger-Mutant | -7/Garrison Hauler-Mutant | -7/Factory Bothacker-Mutant | -7/Garrison Botlord-Mutant | -6/Factory Botlord-Mutant | -6/Garrison Botlord-Mutant | -5/Factory Bothacker-Mutant | -5/Waste Bothacker-Mutant | -5/Factory Bothacker-Mutant | -5/Garrison Botlord-Mutant | -5/Factory Botlord-Mutant | -5/Garrison Botlord-Mutant | -4/Factory Botlord-Mutant | -4/Garrison Botlord-Tank | -3/Research Hauler-Mutant | -3/Testing Botlord-Mutant | -3/Garrison Botlord-Mutant | -2/Research Botlord-Gunner | -2/Quarantine Botlord-Mutant | -1/Access Resources | -11 -10 -10 -10 -9 -8 -8 -8 -8 -7 -7 -7 -7 -6 -6 -5 -5 -5 -5 -5 -5 -4 -4 -3 -3 -3 -2 -2 -1 ----------- Run | Scr Mat Min Exi Min Mat Gar Mat Gar Fac Gar Fac Gar Fac Gar Fac Was Fac Gar Fac Gar Fac Gar Res Tes Gar Res Qua Acc Matter Collected 18510 | 257 208 188 . 24 1086 520 169 230 1522 690 74 893 493 762 500 161 982 585 68 645 602 997 1678 1292 1034 1576 1195 79 Remotely . | . . . . . . . . . . . . . . . . . . . . . . . . . . . . . Salvage Created 18832 | . 373 291 . . 1289 653 . 183 1917 608 74 678 290 145 264 . 1410 688 118 530 704 732 2138 1489 1156 1792 1310 . Parts 987 | . 30 24 . . 91 39 . 4 84 27 3 42 9 6 5 . 68 29 4 28 37 24 135 69 53 99 77 . Haulers Intercepted 2 | . 2 . . . . . . . . . . . . . . . . . . . . . . . . . . . Recyclers Shooed 9 | . 1 1 . . . . . . 2 . . . . . 1 . 3 . . . 1 . . . . . . . Parts Field Recycled . | . . . . . . . . . . . . . . . . . . . . . . . . . . . . . Retrieved Matter . | . . . . . . . . . . . . . . . . . . . . . . . . . . . . . Parts Self-Destructed . | . . . . . . . . . . . . . . . . . . . . . . . . . . . . . Prevented . | . . . . . . . . . . . . . . . . . . . . . . . . . . . . . Kills | -11 -10 -10 -10 -9 -8 -8 -8 -8 -7 -7 -7 -7 -6 -6 -5 -5 -5 -5 -5 -5 -4 -4 -3 -3 -3 -2 -2 -1 ------- Run | Scr Mat Min Exi Min Mat Gar Mat Gar Fac Gar Fac Gar Fac Gar Fac Was Fac Gar Fac Gar Fac Gar Res Tes Gar Res Qua Acc Combat Hostiles Destroyed 349 | . 10 7 . . 39 22 . 3 42 14 1 23 3 4 8 . 19 12 2 6 14 12 25 20 19 25 19 . Melee 19 | . . . . . . . . . 5 . 1 2 1 1 . . . . . . 1 . . . . 6 2 . Guns 195 | . 10 7 . . 7 . . 1 18 14 . 11 1 . . . 14 9 2 5 10 8 25 11 11 16 15 . Cannons 76 | . . . . . 29 10 . 2 5 . . 10 1 3 2 . 2 . . . . 2 . 6 2 . 2 . AOE 49 | . . . . . 3 11 . . 14 . . . . . 6 . 2 3 . 1 3 . . . 3 3 . . Classes Destroyed 17 | . 4 2 . . 4 . . 1 3 2 . . . 1 . . . . . . . . . . . . . . Worker 16 | . . . . . 3 . . . 5 . . . . . 2 . 2 . . . . . 2 2 . . . . Builder 17 | . 1 . . . 2 . . . 2 . . . . . . . 5 . . . 1 . 3 1 . 2 . . Hauler 2 | . 2 . . . . . . . . . . . . . . . . . . . . . . . . . . . Recycler 8 | . . 1 . . 3 . . . 2 . . . 1 . . . 1 . . . . . . . . . . . Mechanic 2 | . . . . . 1 . . . . . . . . . . . . . . . . . 1 . . . . . Operator 2 | . . . . . . . . . 1 . . . . . . . . . . . . . . 1 . . . . Watcher 4 | . . . . . 1 . . . . . . . 1 . . . 1 . . . . . 1 . . . . . Swarmer 77 | . 6 4 . . 11 11 . . 4 6 . 12 . 2 . . 1 3 . 1 1 4 . . 8 3 . . Grunt 134 | . 4 2 . . 19 7 . 1 25 5 . 7 . 1 8 . 12 7 2 4 3 4 4 10 5 . 4 . Brawler 5 | . . . . . . . . . . 2 . 1 . . . . . . . . . 1 . . 1 . . . Duelist 5 | . . . . . . . . 1 2 . . . . . . . 1 1 . . . . . . . . . . Protector 1 | . . . . . . . . . 1 . . . . . . . . . . . . . . . . . . . Sentry 35 | . . 1 . . 7 4 . 2 2 . 1 3 1 . . . 2 2 . 1 . . 6 . 1 2 . . Specialist 1 | . . . . . . . . . . 1 . . . . . . . . . . . . . . . . . . Hunter 28 | . . . . . 2 . . . 1 . . . . . . . . . . 1 2 1 2 4 4 7 4 . Programmer 64 | . . . . . . . . . 7 . . . 2 1 . . 3 . . . 8 1 12 5 . 14 11 . Behemoth 4 | . . . . . . . . . . . . . . 1 . . . . . 1 . 1 1 . . . . . Protovariant X 1 | . . . . . . . . . . . . . . . . . . . . . . . . 1 . . . . Best Kill Streak 9 | . 3 3 . . 8 4 . 2 9 3 1 4 2 1 8 . 9 4 2 1 4 3 7 7 8 6 4 . Combat Bots Only 8 | . 3 3 . . 8 4 . 2 7 3 1 4 2 1 7 . 6 4 2 1 3 3 5 5 8 6 4 . Max Kills in Single Turn 4 | . 1 2 . . 3 2 . 1 4 1 1 1 1 1 3 . 2 3 1 2 2 1 2 2 2 2 1 . Gunslinging 1 | . . 1 . . . . . . . . . . . . . . . . . . . . 1 . . 1 . . Exploded 4 | . . . . . 2 2 . . 4 . . . . . 2 . 2 2 . 1 2 . . . 2 2 . . Melee 1 | . . . . . . . . . 1 . 1 1 1 1 . . . . . . 1 . . . . 1 1 . Uniques/NPCs Destroyed . | . . . . . . . . . . . . . . . . . . . . . . . . . . . . . Combat | -11 -10 -10 -10 -9 -8 -8 -8 -8 -7 -7 -7 -7 -6 -6 -5 -5 -5 -5 -5 -5 -4 -4 -3 -3 -3 -2 -2 -1 -------- Run | Scr Mat Min Exi Min Mat Gar Mat Gar Fac Gar Fac Gar Fac Gar Fac Was Fac Gar Fac Gar Fac Gar Res Tes Gar Res Qua Acc Damage Taken 45857 | . 331 383 . . 2403 969 90 81 3751 1166 58 1879 411 930 893 . 2067 1695 309 849 1678 1501 3352 4128 2543 5595 3917 4878 Core 5120 | . 66 124 . . 299 104 17 . 248 87 4 158 72 65 110 . 152 192 . 63 180 39 179 280 92 389 590 1610 Absorbed by Shields 3492 | . . . . . . . . . . 111 . . . . . . 164 268 . . 532 327 963 525 156 446 . . Reduced by Siege Mode 548 | . . . . . . . . . . . . . . . . . . . . . . . 88 115 39 306 . . Redirected to Core 276 | . . . . . . . . . . . . . . . . . . . . . . . . . . . 276 . Core Remaining (%) 52 | 100 . . . 24 . . . 23 . . . 29 . 83 . . . . . 48 . 80 . . 57 . 32 . Volleys Fired 1403 | . 30 22 . . 105 56 . 13 123 57 1 105 16 80 19 7 83 51 5 59 54 96 101 86 73 82 79 . Largest 4 | . 2 2 . . 2 2 . 2 2 2 1 2 2 2 2 1 3 3 2 2 3 2 4 4 3 3 2 . Hottest 164 | . 40 46 . . 88 88 . 67 72 56 30 73 90 96 96 40 110 99 66 61 94 98 145 164 164 105 158 . Shots Fired 2358 | . 60 44 . . 206 67 . 26 215 105 2 133 20 98 26 7 162 89 9 85 89 121 275 173 116 160 70 . Gun 1489 | . 60 44 . . 48 5 . 13 157 101 1 52 4 . . . 110 66 8 59 69 49 257 127 79 126 54 . Cannon 522 | . . . . . 154 44 . 13 33 . . 63 8 50 14 . 35 . . . 4 24 4 38 22 1 15 . Launcher 77 | . . . . . 4 18 . . 13 . . . . . 5 . 5 2 . 11 4 8 . . 4 3 . . Special 270 | . . . . . . . . . 12 4 1 18 8 48 7 7 12 21 1 15 12 40 14 8 11 30 1 . Kinetic 1906 | . 60 44 . . 202 43 . 26 190 101 1 115 8 44 14 . 145 66 8 59 69 49 257 133 79 126 67 . Thermal 26 | . . . . . . . . . . . . . 4 6 . 6 . . . . . 5 3 . . . 2 . Explosive 25 | . . . . . . . . . 13 . . . . . 5 . . . . . 4 . . . . 3 . . Electromagnetic 137 | . . . . . 4 24 . . . . . . . . . . 5 2 . 11 4 27 1 32 26 1 . . Robot Hit Streak 43 | . 7 8 . . 23 12 . 10 14 9 6 10 9 7 12 16 28 13 14 26 14 29 43 28 13 23 9 . Robot Miss Streak 15 | . 4 4 . . 15 7 . 3 6 4 . 6 1 5 2 . 5 2 2 3 4 2 5 3 2 4 5 . Penetration Max 2 | . . . . . . . . . 1 1 . . . . . . 2 1 1 1 1 1 1 2 1 1 . . Secondary Targets 25 | . . 2 . . 1 . . . 2 . . 1 . . . . 3 2 . . 1 . 4 5 . 4 . . Max Gunslinging Chain 1 | . . 1 . . 1 . . . 1 . . 1 . . . . 1 1 . . 1 . 1 1 . 1 . . Shots Hit Robots 1796 | . 34 30 . . 185 45 3 25 177 67 2 99 20 69 24 7 102 62 6 56 71 93 196 129 80 140 74 . Core Hits 924 | . 18 11 . . 160 45 . 12 118 31 1 56 6 9 17 1 47 24 4 20 29 19 89 52 51 48 47 9 Critical Hits 68 | . 1 . . . . . . . . 4 . 5 . 2 . 1 7 5 1 3 3 3 10 5 4 9 5 . Critical Kills 26 | . 1 . . . . . . . . 1 . 1 . . . . 4 3 . 1 1 2 4 1 1 4 2 . Critical Parts Destroyed 34 | . . . . . . . . . . 3 . 4 . 1 . . 2 1 1 2 1 . 4 4 3 5 3 . Melee Attacks 230 | . . . . . 2 5 3 4 29 6 1 13 9 11 8 . 3 . . 2 14 9 36 16 1 34 24 . Impact . | . . . . . . . . . . . . . . . . . . . . . . . . . . . . . Slashing 216 | . . . . . 2 3 . 2 22 6 1 13 9 11 8 . 3 . . 2 14 9 36 16 1 34 24 . Piercing . | . . . . . . . . . . . . . . . . . . . . . . . . . . . . . Sneak Attacks 25 | . . . . . . 1 3 2 5 . 1 4 1 2 1 . . . . . 1 . . . . 4 . . Combat Hostiles 16 | . . . . . . . . 1 4 . 1 4 . 2 . . . . . . . . . . . 4 . . Follow-up Attacks . | . . . . . . . . . . . . . . . . . . . . . . . . . . . . . Damage Inflicted 51901 | . 439 446 . . 3258 1565 . 339 5347 1445 126 2609 585 1256 1561 94 4061 1570 196 1633 2633 1682 4795 4542 2472 4506 4670 71 Guns 28553 | . 439 446 . . 534 27 . 164 2469 1445 . 515 85 . . . 2344 1080 196 918 1532 863 4714 3059 1589 2829 3305 . Cannons 10834 | . . . . . 2439 658 . 175 435 . . 1167 231 1013 323 . 767 . . . 77 617 36 1465 564 46 821 . Explosions 7773 | . . . . . 272 880 . . 1866 . . . . . 1084 . 915 490 . 715 648 202 . . 319 382 . . Melee 4466 | . . . . . . . . . 547 . 126 927 269 243 154 . . . . . 376 . 45 . . 1249 530 . Ramming 181 | . . . . . 13 . . . 30 . . . . . . . 35 . . . . . . 18 . . 14 71 Kinetic 36687 | . 439 446 . . 2973 601 . 339 2904 1445 . 1682 206 820 323 . 3111 1080 196 918 1532 863 4714 3551 1589 2829 4126 . Thermal 1069 | . . . . . 41 149 . . 116 . . . 110 193 222 94 9 . . . . 135 . . . . . . Explosive 3642 | . . . . . . . . . 1750 . . . . . 862 . . . . . 648 . . . . 382 . . Electromagnetic 5856 | . . . . . 231 815 . . . . . . . . . . 906 490 . 715 77 684 36 973 883 46 . . Impact . | . . . . . . . . . . . . . . . . . . . . . . . . . . . . . Slashing 4466 | . . . . . . . . . 547 . 126 927 269 243 154 . . . . . 376 . 45 . . 1249 530 . Piercing . | . . . . . . . . . . . . . . . . . . . . . . . . . . . . . Highest Corruption 47 | . . . . . . . . . 8 11 11 16 2 2 . . 7 7 8 9 7 9 20 28 28 32 47 24 Average Corruption 12 | . . . . . . . . . 3 10 11 14 1 2 . . 6 7 7 8 5 7 9 23 28 17 35 8 Corruption Purged . | . . . . . . . . . . . . . . . . . . . . . . . . . . . . . Effects 1080 | . . . . . . . . . 42 57 11 109 6 17 . . 8 47 4 53 23 76 102 151 109 109 143 13 Message Errors 174 | . . . . . . . . . 11 8 3 18 2 9 . . 1 9 2 8 8 12 10 19 18 13 19 4 Matter Fused 170 | . . . . . . . . . 6 7 2 18 . . . . . 6 . 11 2 17 11 26 13 24 23 4 Heat Flow Errors 85 | . . . . . . . . . 2 7 1 13 . 2 . . 1 5 1 5 2 10 8 4 6 7 11 . Energy Discharges 76 | . . . . . . . . . 6 4 1 8 3 1 . . 1 6 . 4 1 10 7 8 4 5 6 1 Parts Rejected 13 | . . . . . . . . . . . . 1 . . . . . . . . 1 1 3 3 2 . 2 . Data Loss (minor) 83 | . . . . . . . . . 9 3 . 8 1 4 . . . 4 . 6 1 5 11 14 6 5 5 1 Data Loss (major) 29 | . . . . . . . . . 1 1 1 1 . . . . . 2 . 2 1 2 4 1 5 4 4 . Misfires 19 | . . . . . . . . . . 2 1 2 . . . . . 4 . . . 4 1 3 1 . 1 . Alerts 9 | . . . . . . . . . . 3 . 4 . . . . . . . . . . . 1 1 . . . Misdirections 98 | . . . . . . . . . . 4 2 14 . . . . . . . . . . 8 15 13 9 30 3 Targeting Errors 280 | . . . . . . . . . 7 15 . 18 . 1 . . 4 8 1 14 6 14 37 51 34 39 31 . Weapon Failures 44 | . . . . . . . . . . 3 . 4 . . . . 1 3 . 3 1 1 2 6 6 3 11 . Overload Shots . | . . . . . . . . . . . . . . . . . . . . . . . . . . . . . Overflow Damage 1185 | . . . . . 21 1 . . 143 . . 110 69 75 125 . 61 . . 5 133 6 . 107 . 131 198 . Projectiles 455 | . . . . . . . . . . . . 1 69 . 6 . 61 . . . 7 6 . 107 . . 198 . Explosions 206 | . . . . . 21 1 . . 21 . . . . . 45 . . . . 5 35 . . . . 78 . . Melee 524 | . . . . . . . . . 122 . . 109 . 75 74 . . . . . 91 . . . . 53 . . Knockbacks 130 | . . . . . 51 17 . 5 14 . . 25 . 1 2 . 5 . . . . . . 2 . . 8 . Impact 1 | . . . . . . . . . 1 . . . . . . . . . . . . . . . . . . . Kinetic 119 | . . . . . 45 15 . 5 13 . . 24 . 1 2 . 5 . . . . . . 2 . . 7 . Secondary 10 | . . . . . 6 2 . . . . . 1 . . . . . . . . . . . . . . 1 . Self-Inflicted Damage 256 | . . . . . . 33 . . 117 . . . . . . . . . . 67 . . . . 8 . . 31 Shots 10 | . . . . . . 2 . . 5 . . . . . . . . . . 2 . . . . 1 . . . Rammed 25 | . . . . . 1 . . . 4 . . . . . . . 3 . . . . . . 2 . . 1 14 Targets Rammed 25 | . . . . . 1 . . . 4 . . . . . . . 3 . . . . . . 2 . . 1 14 Kicked . | . . . . . . . . . . . . . . . . . . . . . . . . . . . . . Crushed . | . . . . . . . . . . . . . . . . . . . . . . . . . . . . . Highest Temperature 520 | . 2 12 . . 369 188 . 34 297 234 133 251 120 243 9 11 315 260 160 264 339 238 372 520 186 225 211 369 Average Temperature 80 | . 2 5 . . 94 50 . 20 76 104 83 100 46 79 9 11 41 69 41 86 58 89 89 130 95 42 88 187 Received Heat Transfer 6388 | . 81 159 . . 810 378 18 45 1152 225 12 279 90 183 216 . 486 456 108 150 41 173 275 440 141 254 72 144 Effects 9 | . . . . . . . . . 1 . . . . . . . . 1 . . . . 1 6 . . . . Shutdowns 5 | . . . . . . . . . . . . . . . . . . . . . . . 1 4 . . . . Energy Bleed 1 | . . . . . . . . . 1 . . . . . . . . . . . . . . . . . . . Interference 1 | . . . . . . . . . . . . . . . . . . 1 . . . . . . . . . . Short Circuit 1 | . . . . . . . . . . . . . . . . . . . . . . . . 1 . . . . Damage (minor) 1 | . . . . . . . . . . . . . . . . . . . . . . . . 1 . . . . Siege Activations 13 | . . . . . . . . . . . . . . . . . . . . . . . 5 6 1 1 . . Total Turns 246 | . . . . . . . . . . . . . . . . . . . . . . . 98 106 11 31 . . Longest Duration 31 | . . . . . . . . . . . . . . . . . . . . . . . 28 28 11 31 . . Robots Corrupted 10 | . . . . . . 1 . . . . . . . . . . 1 . . 1 . 2 . 3 2 . . . Combat Hostiles 9 | . . . . . . 1 . . . . . . . . . . 1 . . . . 2 . 3 2 . . . Parts Fried 40 | . . . . . . 5 . . . . . . 1 . . . 4 1 . 1 . 3 . 16 9 . . . Impact Corruptions 2 | . . . . . . . . . . . . 1 . . . . . . . . . . . . . . 1 . Robots Melted . | . . . . . . . . . . . . . . . . . . . . . . . . . . . . . Combat Hostiles . | . . . . . . . . . . . . . . . . . . . . . . . . . . . . . Parts Melted 4 | . . . . . . . . . . . . . 1 . . . . . . 1 . . . . . 2 . . Heat Transferred 1134 | . . . . . 50 200 . . 100 . . . 111 90 200 222 50 . . . . 111 . . . . . . Parts Sabotaged . | . . . . . . . . . . . . . . . . . . . . . . . . . . . . . Parts Stolen . | . . . . . . . . . . . . . . . . . . . . . . . . . . . . . Parts Stripped . | . . . . . . . . . . . . . . . . . . . . . . . . . . . . . Power Chain Reactions 5 | . . . . . 1 4 . . . . . . . . . . . . . . . . . . . . . . Missiles Intercepted . | . . . . . . . . . . . . . . . . . . . . . . . . . . . . . Alert | -11 -10 -10 -10 -9 -8 -8 -8 -8 -7 -7 -7 -7 -6 -6 -5 -5 -5 -5 -5 -5 -4 -4 -3 -3 -3 -2 -2 -1 ------- Run | Scr Mat Min Exi Min Mat Gar Mat Gar Fac Gar Fac Gar Fac Gar Fac Was Fac Gar Fac Gar Fac Gar Res Tes Gar Res Qua Acc Peak Influence 1571 | . 274 242 . . 757 1194 711 536 1090 1130 637 1188 669 433 1140 399 859 1192 848 967 1168 1371 1571 1030 852 1024 369 446 Initial 864 | . . 77 . . . 492 581 332 281 763 592 445 623 239 226 399 139 542 625 593 507 756 771 864 81 479 90 141 Average 571 | . 147 173 . . 364 917 653 417 415 1002 613 848 484 326 740 318 198 909 656 799 650 1163 769 492 558 298 258 296 Maximum Alert Level 4 | . 1 1 . . 3 4 3 2 3 4 2 4 2 2 4 1 3 4 3 3 4 4 4 3 3 3 1 2 Low Security (%) 20 | 100 86 56 . 100 30 . . . 20 . . . . . . 40 74 . . . . . . 45 17 70 21 20 Level 1 19 | . 13 43 . . 20 . . 45 42 . . . 36 93 17 59 14 . . . . . . . 5 2 78 63 Level 2 24 | . . . . . 45 27 51 54 16 . 100 34 63 6 14 . 5 25 84 24 70 . 46 18 41 8 . 16 Level 3 26 | . . . . . 3 27 48 . 20 64 . 47 . . 57 . 5 57 15 75 29 27 47 36 36 19 . . Level 4 9 | . . . . . . 45 . . . 35 . 18 . . 11 . . 17 . . . 72 5 . . . . . Level 5 . | . . . . . . . . . . . . . . . . . . . . . . . . . . . . . High Security . | . . . . . . . . . . . . . . . . . . . . . . . . . . . . . Max Security . | . . . . . . . . . . . . . . . . . . . . . . . . . . . . . Squads Dispatched 89 | . 1 . . . 10 . . . 15 . . . 2 . 2 . 10 . 3 . 3 . 8 7 . 16 8 4 Investigation 3 | . . . . . . . . . 2 . . . . . . . . . . . . . . . . . . 1 Extermination 33 | . . . . . . . . . 7 . . . 2 . 1 . 3 . . . 2 . 5 3 . 5 4 1 Reinforcement 32 | . 1 . . . 6 . . . 4 . . . . . 1 . 4 . 2 . . . 1 3 . 5 3 2 Assault 6 | . . . . . . . . . 2 . . . . . . . . . . . 1 . 2 1 . . . . Garrison 15 | . . . . . 4 . . . . . . . . . . . 3 . 1 . . . . . . 6 1 . Intercept . | . . . . . . . . . . . . . . . . . . . . . . . . . . . . . Construction Impeded 8 | . . . . . 1 . . . 2 . . . . . 1 . 1 . 1 . . . 1 1 . . . . Haulers Reinforced 2 | . . . . . . . . . . . . . . . . . 1 . . . . . . . . 1 . . Stealth | -11 -10 -10 -10 -9 -8 -8 -8 -8 -7 -7 -7 -7 -6 -6 -5 -5 -5 -5 -5 -5 -4 -4 -3 -3 -3 -2 -2 -1 --------- Run | Scr Mat Min Exi Min Mat Gar Mat Gar Fac Gar Fac Gar Fac Gar Fac Was Fac Gar Fac Gar Fac Gar Res Tes Gar Res Qua Acc Distress Signals 20 | . 3 . . . 6 1 2 . 2 . . . 1 . 3 . . . . . 1 . . 1 . . . . Communications Jammed 227 | . . . . . . . . . . . . . . . 8 . 47 . . . . . 42 54 . 76 . . Distress Signals 227 | . . . . . . . . . . . . . . . 8 . 47 . . . . . 42 54 . 76 . . Times Spotted 740 | . 24 8 . . 66 29 6 5 65 21 1 42 17 31 22 1 42 25 7 20 30 35 52 38 36 60 29 28 Peak Tracking Total 15 | . 5 3 . . 6 6 3 3 7 3 1 6 7 4 6 1 5 6 5 3 5 5 5 7 11 6 4 15 Tactical Retreats 46 | . 2 . . . 6 3 . . 3 3 . 9 1 . 1 . . 1 . 1 1 2 . 1 5 . 2 5 Traps | -11 -10 -10 -10 -9 -8 -8 -8 -8 -7 -7 -7 -7 -6 -6 -5 -5 -5 -5 -5 -5 -4 -4 -3 -3 -3 -2 -2 -1 ------- Run | Scr Mat Min Exi Min Mat Gar Mat Gar Fac Gar Fac Gar Fac Gar Fac Was Fac Gar Fac Gar Fac Gar Res Tes Gar Res Qua Acc Traps Triggered 80 | . . . . . 1 6 . 1 2 10 . 9 1 8 3 . 1 4 1 6 . 12 3 1 7 4 . . Indirectly 4 | . . . . . . 2 . . . . . . . . . . . . . 2 . . . . . . . . Trap Hack Attempts . | . . . . . . . . . . . . . . . . . . . . . . . . . . . . . Triggered . | . . . . . . . . . . . . . . . . . . . . . . . . . . . . . Disarmed . | . . . . . . . . . . . . . . . . . . . . . . . . . . . . . Reprogrammed . | . . . . . . . . . . . . . . . . . . . . . . . . . . . . . Reused . | . . . . . . . . . . . . . . . . . . . . . . . . . . . . . Traps Extracted . | . . . . . . . . . . . . . . . . . . . . . . . . . . . . . Installed . | . . . . . . . . . . . . . . . . . . . . . . . . . . . . . Triggered . | . . . . . . . . . . . . . . . . . . . . . . . . . . . . . Machines | -11 -10 -10 -10 -9 -8 -8 -8 -8 -7 -7 -7 -7 -6 -6 -5 -5 -5 -5 -5 -5 -4 -4 -3 -3 -3 -2 -2 -1 ---------- Run | Scr Mat Min Exi Min Mat Gar Mat Gar Fac Gar Fac Gar Fac Gar Fac Was Fac Gar Fac Gar Fac Gar Res Tes Gar Res Qua Acc Machines Disabled 71 | . . 1 . . 1 3 . 2 10 1 . 5 1 3 4 . 9 4 1 2 3 2 2 6 5 2 4 . Max in Single Turn 5 | . . 1 . . 1 1 . 1 1 1 . 1 1 1 3 . 5 1 . 1 1 1 1 1 1 . 1 . Garrison Access 1 | . . . . . . . . . . . . . . . 1 . . . . . . . . . . . . . Garrison Relay 25 | . . . . . . 3 . 2 . 1 . 4 . 4 . . . 2 . 2 . 3 . . 4 . . . Machines Sabotaged . | . . . . . . . . . . . . . . . . . . . . . . . . . . . . . Garrisons Compromised . | . . . . . . . . . . . . . . . . . . . . . . . . . . . . . Overloaded Fab Kills . | . . . . . . . . . . . . . . . . . . . . . . . . . . . . . Fab Network Shutdowns 3 | . . . . . . . . . . . . . . . 1 . . . . . 1 . 1 . . . . . Hacking | -11 -10 -10 -10 -9 -8 -8 -8 -8 -7 -7 -7 -7 -6 -6 -5 -5 -5 -5 -5 -5 -4 -4 -3 -3 -3 -2 -2 -1 --------- Run | Scr Mat Min Exi Min Mat Gar Mat Gar Fac Gar Fac Gar Fac Gar Fac Was Fac Gar Fac Gar Fac Gar Res Tes Gar Res Qua Acc Machines Accessed 41 | . 1 . 2 . 2 . 1 . 9 . 1 . 1 . 4 . 6 . 1 . 2 . 4 4 . . 2 1 Terminals 23 | . 1 . . . 1 . . . 8 . . . . . 2 . 2 . . . . . 3 3 . . 2 1 Fabricators 6 | . . . . . . . . . . . . . . . 1 . 3 . . . 1 . 1 . . . . . Repair Stations . | . . . . . . . . . . . . . . . . . . . . . . . . . . . . . Recycling Units . | . . . . . . . . . . . . . . . . . . . . . . . . . . . . . Scanalyzers . | . . . . . . . . . . . . . . . . . . . . . . . . . . . . . Garrison Access 10 | . . . . . 1 . 1 . 1 . 1 . 1 . 1 . 1 . 1 . 1 . . 1 . . . . Total Hacks 82 | . 1 . 2 . 4 . 1 . 18 . 1 . 1 . 7 . 9 . 1 . 8 . 8 13 . . 6 2 Successful 38 | . 1 . 2 . 2 . 1 . 6 . 1 . 1 . 2 . 2 . 1 . 4 . 5 7 . . 3 . Failed 44 | . . . . . 2 . . . 12 . . . . . 5 . 7 . . . 4 . 3 6 . . 3 2 Catastrophic 13 | . . . . . 1 . . . 3 . . . . . 2 . 2 . . . . . 1 2 . . . 2 Database Lockouts . | . . . . . . . . . . . . . . . . . . . . . . . . . . . . . Manual 38 | . 1 . 1 . 2 . . . 11 . . . . . 4 . 4 . . . 1 . 4 7 . . 2 1 Terminals 53 | . 1 . . . 2 . . . 17 . . . . . 3 . 5 . . . . . 5 12 . . 6 2 Fabricators 16 | . . . . . . . . . . . . . . . 3 . 3 . . . 7 . 3 . . . . . Repair Stations . | . . . . . . . . . . . . . . . . . . . . . . . . . . . . . Recycling Units . | . . . . . . . . . . . . . . . . . . . . . . . . . . . . . Scanalyzers . | . . . . . . . . . . . . . . . . . . . . . . . . . . . . . Garrison Access 11 | . . . . . 2 . 1 . 1 . 1 . 1 . 1 . 1 . 1 . 1 . . 1 . . . . Terminal Hacks 15 | . . . 2 . 1 . . . 1 . . . . . . . 1 . . . . . 3 4 . . 3 . Record 5 | . . . 1 . . . . . . . . . . . . . . . . . . . 1 . . . 3 . Part Schematic 1 | . . . . . . . . . . . . . . . . . 1 . . . . . . . . . . . Prototype ID Bank 1 | . . . . . . . . . . . . . . . . . . . . . . . 1 . . . . . Level Access Points 1 | . . . . . . . . . . . . . . . . . . . . . . . . 1 . . . . Branch Access Points 1 | . . . . . . . . . . . . . . . . . . . . . . . 1 . . . . . Terminal Index 1 | . . . . . . . . . 1 . . . . . . . . . . . . . . . . . . . Unreport Threat 2 | . . . . . . . . . . . . . . . . . . . . . . . . 2 . . . . Zone Layout 2 | . . . . . 1 . . . . . . . . . . . . . . . . . . 1 . . . . EX-Prototype ID Bank 1 | . . . 1 . . . . . . . . . . . . . . . . . . . . . . . . . Fabricator Hacks 5 | . . . . . . . . . . . . . . . 1 . . . . . 3 . 1 . . . . . Load Schematic 1 | . . . . . . . . . . . . . . . . . . . . . 1 . . . . . . . Build 4 | . . . . . . . . . . . . . . . 1 . . . . . 2 . 1 . . . . . Repair Station Hacks . | . . . . . . . . . . . . . . . . . . . . . . . . . . . . . Recycling Unit Hacks . | . . . . . . . . . . . . . . . . . . . . . . . . . . . . . Scanalyzer . | . . . . . . . . . . . . . . . . . . . . . . . . . . . . . Garrison Access Hacks 10 | . . . . . 1 . 1 . 1 . 1 . 1 . 1 . 1 . 1 . 1 . . 1 . . . . Unlock Access 9 | . . . . . 1 . 1 . 1 . 1 . 1 . . . 1 . 1 . 1 . . 1 . . . . Seal Access 1 | . . . . . . . . . . . . . . . 1 . . . . . . . . . . . . . Unauthorized Hacks 8 | . 1 . . . . . . . 4 . . . . . . . . . . . . . 1 2 . . . . Terminals 8 | . 1 . . . . . . . 4 . . . . . . . . . . . . . 1 2 . . . . Track 3 | . 1 . . . . . . . 1 . . . . . . . . . . . . . . 1 . . . . Botnet 4 | . . . . . . . . . 3 . . . . . . . . . . . . . 1 . . . . . Operators 1 | . . . . . . . . . . . . . . . . . . . . . . . . 1 . . . . Fabricators . | . . . . . . . . . . . . . . . . . . . . . . . . . . . . . Repair Stations . | . . . . . . . . . . . . . . . . . . . . . . . . . . . . . Recycling Units . | . . . . . . . . . . . . . . . . . . . . . . . . . . . . . Scanalyzers . | . . . . . . . . . . . . . . . . . . . . . . . . . . . . . Garrison Access . | . . . . . . . . . . . . . . . . . . . . . . . . . . . . . Data Cores Recovered . | . . . . . . . . . . . . . . . . . . . . . . . . . . . . . Used . | . . . . . . . . . . . . . . . . . . . . . . . . . . . . . Hacking Detections 31 | . . . . . 1 . . . 8 . . . 1 . 3 . 5 . 1 . 2 . 4 3 . . 2 1 Full Trace Events 3 | . . . . . . . . . 2 . . . . . . . . . . . . . . . . . . 1 Feedback Events . | . . . . . . . . . . . . . . . . . . . . . . . . . . . . . Feedback Blocked . | . . . . . . . . . . . . . . . . . . . . . . . . . . . . . Robot Schematics Acquired . | . . . . . . . . . . . . . . . . . . . . . . . . . . . . . Robots Built . | . . . . . . . . . . . . . . . . . . . . . . . . . . . . . Matter . | . . . . . . . . . . . . . . . . . . . . . . . . . . . . . Time . | . . . . . . . . . . . . . . . . . . . . . . . . . . . . . Total Robot Build Rating . | . . . . . . . . . . . . . . . . . . . . . . . . . . . . . Part Schematics Acquired 1 | . . . . . . . . . . . . . . . . . 1 . . . . . . . . . . . Parts Built 6 | . . . . . . . . . . . . . . . 2 . . . . . 2 . 2 . . . . . Matter 1002 | . . . . . . . . . . . . . . . 212 . . . . . 512 . 278 . . . . . Time 378 | . . . . . . . . . . . . . . . 53 . . . . . 256 . 69 . . . . . Total Part Build Rating 46 | . . . . . . . . . . . . . . . 12 . . . . . 16 . 18 . . . . . Parts Repaired . | . . . . . . . . . . . . . . . . . . . . . . . . . . . . . Time . | . . . . . . . . . . . . . . . . . . . . . . . . . . . . . Parts Recycled . | . . . . . . . . . . . . . . . . . . . . . . . . . . . . . Recycled Matter . | . . . . . . . . . . . . . . . . . . . . . . . . . . . . . Retrieved Matter . | . . . . . . . . . . . . . . . . . . . . . . . . . . . . . Retrieved Components . | . . . . . . . . . . . . . . . . . . . . . . . . . . . . . Parts Scanalyzed . | . . . . . . . . . . . . . . . . . . . . . . . . . . . . . Part Schematics Acquired . | . . . . . . . . . . . . . . . . . . . . . . . . . . . . . Parts Damaged . | . . . . . . . . . . . . . . . . . . . . . . . . . . . . . Bothacking | -11 -10 -10 -10 -9 -8 -8 -8 -8 -7 -7 -7 -7 -6 -6 -5 -5 -5 -5 -5 -5 -4 -4 -3 -3 -3 -2 -2 -1 ------------ Run | Scr Mat Min Exi Min Mat Gar Mat Gar Fac Gar Fac Gar Fac Gar Fac Was Fac Gar Fac Gar Fac Gar Res Tes Gar Res Qua Acc Used RIF Installer 9 | . . . . . . 1 . 1 . 1 . 1 . 1 . . . 1 . 1 . 1 . . 1 . . . Coupler Efficiency 1 | . . . . . . . . 1 . . . . . . . . . . . . . . . . . . . . Hotswap 1 | . . . . . . . . . . . . . . . . . . 1 . . . . . . . . . . Command Fork 1 | . . . . . . . . . . . . . . . . . . . . . . . . . 1 . . . Signal Jammer 1 | . . . . . . . . . . 1 . . . . . . . . . . . . . . . . . . Robot Detection 1 | . . . . . . . . . . . . 1 . . . . . . . . . . . . . . . . Patrol Navigation 1 | . . . . . . . . . . . . . . 1 . . . . . . . . . . . . . . Program Shield 1 | . . . . . . . . . . . . . . . . . . . . . . 1 . . . . . . Autooverride 1 | . . . . . . . . . . . . . . . . . . . . 1 . . . . . . . . Robots Hacked 138 | . . . . . . 1 . 1 7 2 1 11 3 25 4 1 8 10 1 8 6 11 6 2 7 22 1 . Non-combat 11 | . . . . . . . . . 1 . . . 1 . . . 2 . 1 . . . 2 1 . 3 . . Combat 127 | . . . . . . 1 . 1 6 2 1 11 2 25 4 1 6 10 . 8 6 11 4 1 7 19 1 . Autooverrided 7 | . . . . . . . . . . . . . . . . . . . . 1 . 2 . . . 4 . . Robot Hacks Applied 145 | . . . . . . 1 . 1 7 2 1 12 3 25 4 1 8 10 1 7 7 10 6 6 8 24 1 . hold_bot 1 | . . . . . . . . . 1 . . . . . . . . . . . . . . . . . . . drop_inventory 5 | . . . . . . . . . . . . . 1 . . . 2 . 1 . . . 1 . . . . . purge_threat 9 | . . . . . . . . . . . . . . . . . . . . . . . . 4 . 5 . . block_reporting 2 | . . . . . . . . . . . . . . . . . . . . . . . . 1 . 1 . . map_route 1 | . . . . . . . . . . . . . . . . . . . . . . . . . . 1 . . mark_security 1 | . . . . . . . . . . . . . . . . . . . . . . . . . . 1 . . ignore_targets 1 | . . . . . . . . . . . . . . . . 1 . . . . . . . . . . . . scatter_targeting 2 | . . . . . . . . . . . . 2 . . . . . . . . . . . . . . . . disrupt_area 1 | . . . . . . . . . . . . . . 1 . . . . . . . . . . . . . . overload_power 1 | . . . . . . . . . 1 . . . . . . . . . . . . . . . . . . . amplify_resonance 1 | . . . . . . . . . . . . . . 1 . . . . . . . . . . . . . . wipe_record 1 | . . . . . . . . . . . . . . . . . . . . . . . 1 . . . . . reboot_system 8 | . . . . . . . . . . . . 3 . . . . . 1 . . . . . . . 3 1 . go_dormant 2 | . . . . . . . . . . . 1 1 . . . . . . . . . . . . . . . . overwrite_iff 22 | . . . . . . . . . 2 . . . . 7 . . 2 2 . 3 3 . 1 . 2 . . . formatsys_low 1 | . . . . . . . . . . . . . . . . . . . . . . . 1 . . . . . formatsys_high 86 | . . . . . . 1 . 1 3 2 . 6 2 16 4 . 4 7 . 4 4 10 2 1 6 13 . . Relay Couplers Released 103 | . . . . . . 12 . 8 3 4 . 19 . 14 . . . 10 . 6 . 12 . . 15 . . . Machine Destruction 100 | . . . . . . 12 . 8 . 4 . 19 . 14 . . . 10 . 6 . 12 . . 15 . . . Programmers 3 | . . . . . . . . . 3 . . . . . . . . . . . . . . . . . . . Attached 54 | . . . . . . 1 . 1 2 3 . 7 1 9 3 . 2 4 1 1 1 5 2 . 5 5 1 . Robots Rewired 13 | . . . . . . . . . 1 . . . . . . . 1 3 . . . 8 . . . . . . Allies Hacked 5 | . . . . . . . . . . . . . 2 1 1 . . . . . . 1 . . . . . . Hacks Repelled . | . . . . . . . . . . . . . . . . . . . . . . . . . . . . . Allies | -11 -10 -10 -10 -9 -8 -8 -8 -8 -7 -7 -7 -7 -6 -6 -5 -5 -5 -5 -5 -5 -4 -4 -3 -3 -3 -2 -2 -1 -------- Run | Scr Mat Min Exi Min Mat Gar Mat Gar Fac Gar Fac Gar Fac Gar Fac Was Fac Gar Fac Gar Fac Gar Res Tes Gar Res Qua Acc Total Allies 129 | . . . . . . 1 . 1 6 2 . 6 2 23 4 1 7 12 . 8 6 19 4 1 9 17 . . Largest Group 10 | . . . . . . 1 1 1 2 1 . 2 3 10 9 1 4 7 7 5 4 8 3 1 6 6 1 . Highest-Rated Group 373 | . . . . . . 15 15 15 34 32 . 64 89 290 261 41 120 247 243 177 135 373 152 48 316 316 64 . Highest-Rated Ally 115 | . . . . . . 15 15 15 34 32 . 32 32 47 49 41 49 47 41 49 58 49 56 48 115 69 64 . Total Orders 41 | . . . . . . . 2 1 . . . 2 . 6 6 . 4 7 . 1 . 4 1 . 4 3 . . STAY 22 | . . . . . . . 2 1 . . . 1 . 3 3 . 2 4 . 1 . 2 . . 2 1 . . ROAM 1 | . . . . . . . . . . . . . . . . . . . . . . . . . . 1 . . FOLLOW 17 | . . . . . . . . . . . . 1 . 3 3 . 2 3 . . . 2 . . 2 1 . . AID 1 | . . . . . . . . . . . . . . . . . . . . . . . 1 . . . . . Ally Attacks 798 | . . . . . . 3 12 11 26 6 . 14 12 47 103 2 73 48 21 48 32 109 36 38 33 119 5 . Total Damage 22415 | . . . . . . 29 271 303 799 237 . 95 477 799 1640 100 1838 1243 520 1424 656 4178 785 1200 1079 4583 159 . Kills 142 | . . . . . . 1 4 2 6 1 . 2 2 5 18 1 15 11 5 11 4 15 4 5 4 25 1 . Allies Corrupted 7 | . . . . . . . . . . . . . . . 2 . . . . 1 . 1 . . . 3 . . Allies Melted 2 | . . . . . . . . . . . . . . 1 1 . . . . . . . . . . . . . Intel | -11 -10 -10 -10 -9 -8 -8 -8 -8 -7 -7 -7 -7 -6 -6 -5 -5 -5 -5 -5 -5 -4 -4 -3 -3 -3 -2 -2 -1 ------- Run | Scr Mat Min Exi Min Mat Gar Mat Gar Fac Gar Fac Gar Fac Gar Fac Was Fac Gar Fac Gar Fac Gar Res Tes Gar Res Qua Acc Robot Analysis Total . | . . . . . . . . . . . . . . . . . . . . . . . . . . . . . Derelict Logs Recovered 2 | . . 1 . 1 . . . . . . . . . . . . . . . . . . . . . . . . Drone Launches . | . . . . . . . . . . . . . . . . . . . . . . . . . . . . . Drone Recoveries . | . . . . . . . . . . . . . . . . . . . . . . . . . . . . . Exploration | -11 -10 -10 -10 -9 -8 -8 -8 -8 -7 -7 -7 -7 -6 -6 -5 -5 -5 -5 -5 -5 -4 -4 -3 -3 -3 -2 -2 -1 ------------- Run | Scr Mat Min Exi Min Mat Gar Mat Gar Fac Gar Fac Gar Fac Gar Fac Was Fac Gar Fac Gar Fac Gar Res Tes Gar Res Qua Acc Turns Passed 32803 | 85 765 449 649 251 1994 1477 452 469 3174 978 256 1751 1388 1210 1170 670 1601 1083 138 1025 909 1828 2846 1624 1100 1791 1334 336 Spaces Moved 15228 | 49 391 211 357 140 778 651 165 212 1324 389 122 763 796 606 546 342 712 502 66 451 352 800 1187 649 479 822 771 595 Core 620 | 3 . . . . . . . . . . . . . . . . . . . . . . . . . . 22 595 Treads 13076 | 46 391 211 357 140 778 651 165 212 1324 389 122 763 218 . 198 342 712 502 66 451 352 800 1187 649 479 822 749 . Legs 478 | . . . . . . . . . . . . . . 130 348 . . . . . . . . . . . . . Wheels 1054 | . . . . . . . . . . . . . 578 476 . . . . . . . . . . . . . . Hover . | . . . . . . . . . . . . . . . . . . . . . . . . . . . . . Flight . | . . . . . . . . . . . . . . . . . . . . . . . . . . . . . Fastest Speed 50 | 50 160 160 180 180 180 186 186 186 180 186 183 180 130 120 180 180 180 180 180 180 182 190 185 185 177 145 50 50 Average Speed 174 | 153 160 177 180 180 195 195 186 186 197 189 183 181 156 145 180 180 180 180 180 182 186 190 190 191 179 159 142 50 Slowest Speed 230 | 160 160 180 180 180 206 206 186 186 210 210 186 205 200 220 200 180 180 180 180 203 190 190 230 195 195 177 145 50 Overloaded Moves . | . . . . . . . . . . . . . . . . . . . . . . . . . . . . . Propulsion Burnouts . | . . . . . . . . . . . . . . . . . . . . . . . . . . . . . Robots Hopped . | . . . . . . . . . . . . . . . . . . . . . . . . . . . . . Cave-ins Triggered . | . . . . . . . . . . . . . . . . . . . . . . . . . . . . . Exploration Rate (%) 47 | 4 79 38 70 46 68 78 23 47 42 49 4 81 19 74 21 97 30 72 4 51 8 66 39 93 80 34 55 19 Regions Visited 28 Branch Regions 5 Pre-discovered Areas 1 | . . . 1 . . . . . . . . . . . . . . . . . . . . . . . . . Known Exits Taken 12 | . . . . . 1 . 1 . 1 . 1 . 1 . . . 1 . 1 . 1 . 1 1 . 1 1 . Unknown Exits Taken 5 | 1 1 1 1 1 . . . . . . . . . . . . . . . . . . . . . . . . Scrap Searched 2 | . . . . 2 . . . . . . . . . . . . . . . . . . . . . . . . Spaces Dug 125 | . . . . . 2 1 . . 18 3 . . 3 2 6 . 9 . . 1 6 4 35 11 . 12 12 . Terrain Destroyed 538 | . . . . . 5 2 . . 108 5 . . 3 2 66 . 119 6 . 2 71 8 56 14 9 48 14 . Melee 108 | . . . . . 2 . . . 12 3 . . 3 2 6 . 3 . . 1 6 4 32 11 . 12 11 . Projectile 152 | . . . . . . . . . 6 2 . . . . . . 77 6 . 1 12 4 24 3 9 5 3 . AOE 278 | . . . . . 3 2 . . 90 . . . . . 60 . 39 . . . 53 . . . . 31 . . Terrain Rammed . | . . . . . . . . . . . . . . . . . . . . . . . . . . . . . Walls Destroyed . | . . . . . . . . . . . . . . . . . . . . . . . . . . . . . Machines Disabled . | . . . . . . . . . . . . . . . . . . . . . . . . . . . . . Actions | -11 -10 -10 -10 -9 -8 -8 -8 -8 -7 -7 -7 -7 -6 -6 -5 -5 -5 -5 -5 -5 -4 -4 -3 -3 -3 -2 -2 -1 --------- Run | Scr Mat Min Exi Min Mat Gar Mat Gar Fac Gar Fac Gar Fac Gar Fac Was Fac Gar Fac Gar Fac Gar Res Tes Gar Res Qua Acc Total 19260 | 57 470 243 365 139 1051 777 305 261 1649 514 151 983 908 833 699 394 885 615 77 572 504 1016 1533 874 630 1161 962 632 Wait 1166 | . 30 . . . 100 29 131 10 83 25 18 37 41 33 71 . 45 31 2 24 42 28 120 67 13 134 38 14 Move 15209 | 48 390 210 356 139 777 650 165 211 1324 388 122 762 796 605 546 341 712 501 66 450 352 799 1186 649 478 821 770 595 Hop . | . . . . . . . . . . . . . . . . . . . . . . . . . . . . . Pick Up 206 | 3 12 3 3 . 18 5 . 5 13 2 1 9 10 5 13 10 5 9 1 8 5 17 18 2 12 10 7 . Fast Attach 157 | 5 1 . . . 7 2 . . 5 4 1 7 8 9 6 7 3 3 . 3 5 13 12 11 7 20 12 6 Attach 145 | 1 1 . . . 9 3 . . 11 4 . 12 3 6 5 2 4 6 2 4 7 4 9 16 11 19 6 . Detach 76 | . . . . . 5 . . . 2 . 1 2 6 4 1 2 3 2 1 1 3 6 3 11 8 11 4 . Swap 279 | . 3 4 2 . 12 14 6 8 39 11 4 21 5 17 17 2 15 7 . 10 11 11 23 8 11 13 5 . Drop 207 | . 3 4 4 . 15 5 . 8 15 1 2 2 5 . 13 23 9 . . 5 11 22 25 6 . 11 15 3 Fire 1403 | . 30 22 . . 105 56 . 13 123 57 1 105 16 80 19 7 83 51 5 59 54 96 101 86 73 82 79 . Melee 230 | . . . . . 2 5 3 4 29 6 1 13 9 11 8 . 3 . . 2 14 9 36 16 1 34 24 . Ram 15 | . . . . . . . . . . . . . . . . . . . . . . . . . . . 1 14 Kick . | . . . . . . . . . . . . . . . . . . . . . . . . . . . . . Crush 11 | . . . . . 1 . . . 4 . . . . . . . 3 . . . . . . 2 . . 1 . Escape Stasis 143 | . . . . . . 8 . 2 . 16 . 12 8 58 . . . 5 . 6 . 10 . . 16 2 . . Rewire 13 | . . . . . . . . . 1 . . 1 1 5 . . . . . . . 1 . . . 4 . . Trap . | . . . . . . . . . . . . . . . . . . . . . . . . . . . . . Miscellaneous . | . . . . . . . . . . . . . . . . . . . . . . . . . . . . . Route ------- -11/Scrapyard -10/Materials (discovered 3 exits: [*Mat] / [*Min x2]) -10/Mines -10/Exiles (discovered 2 exits: [*Min x2]) -9/Mines -8/Materials (discovered 6 exits: *Fac x3 / *Sto x2 / Gar) -8/Garrison (discovered 3 exits: *Mat x3) -8/Materials -8/Garrison -7/Factory (discovered 4 exits: *Fac / [*Low x2] / Gar) -7/Garrison -7/Factory -7/Garrison (discovered 3 exits: *Fac x3) -6/Factory (discovered 2 exits: *Fac / Gar) -6/Garrison (discovered 2 exits: *Fac x2) -5/Factory -5/Waste -5/Factory -5/Garrison (discovered 3 exits: *Fac x3) -5/Factory -5/Garrison (discovered 2 exits: *Fac x2) -4/Factory -4/Garrison (discovered 3 exits: *Res x3) -3/Research (discovered 4 exits: *Res / *Arm / *Tes x2) -3/Testing (discovered 2 exits: *Res / Gar) -3/Garrison (discovered 3 exits: *Res x3) -2/Research (discovered 2 exits: *Acc / *Qua) -2/Quarantine -1/Access History --------- Turn | Location | Event 20 | -11/Scrapyard | Discovered new exit (range 15) 86 | -11/Scrapyard | Entered Materials 184 | -10/Materials | Discovered new exit (range 16) 272 | -10/Materials | Discovered new exit (range 6) 316 | -10/Materials | Build established: Mutant 452 | -10/Materials | Discovered new exit (range 13) 851 | -10/Materials | Entered Mines 888 | -10/Mines | Learned Materials emergency access door positions 902 | -10/Mines | Joined a pair of Derelicts in attacking an 0b10 outpost 913 | -10/Mines | Core integrity fell below 50% 1225 | -10/Mines | Build established: Scavenger-Mutant 1291 | -10/Mines | Deemed a non-threat by the Exiles lab entrance 1293 | -10/Mines | Discovered new exit (range 5) 1300 | -10/Mines | Entered Exiles 1327 | -10/Exiles | Discovered new exit (range 15) 1349 | -10/Exiles | Met 8R-AWN 1372 | -10/Exiles | Met EX-HEX 1475 | -10/Exiles | Met EX-DEC 1507 | -10/Exiles | Learned location of Zion (-6) 1681 | -10/Exiles | Met EX-BIN 1706 | -10/Exiles | Aligned with FarCom system 1708 | -10/Exiles | Given EX-Vault access code 1751 | -10/Exiles | Opened EX-Vault 1766 | -10/Exiles | Found XL Autogun Array 1771 | -10/Exiles | Found Longsword +1 1812 | -10/Exiles | Warned to stay clear of 0b10 Research branches 1868 | -10/Exiles | Build established: Hauler-Mutant 1925 | -10/Exiles | Discovered new exit (range 14) 1949 | -10/Exiles | Stole two prototypes: XL Autogun Array, Longsword +1 1949 | -10/Exiles | Entered Mines 1956 | -9/Mines | Met a Derelict bent on vengeance 1993 | -9/Mines | A weapon hastily lodged in a ceiling crevice suddenly fell to the ground 2147 | -9/Mines | Discovered new exit (range 8) 2200 | -9/Mines | Entered Materials 2200 | -8/Materials | Evolved 4 slots: Propulsion x1, Utility x3 2201 | -8/Materials | Identified exit to Storage 2525 | -8/Materials | Destroyed 7 combat bots 2803 | -8/Materials | Destroyed 8 combat bots 2891 | -8/Materials | Discovered new exit (range 6) 3188 | -8/Materials | Discovered exit to Storage (range 13) 3203 | -8/Materials | Garrison activated, responded to threat 3326 | -8/Materials | Discovered new exit (range 15) 3728 | -8/Materials | Discovered new exit (range 5) 4115 | -8/Materials | Identified exit to Garrison 4118 | -8/Materials | Garrison activated, responded to threat 4149 | -8/Materials | Core integrity fell below 50% 4194 | -8/Materials | Entered Garrison 4205 | -8/Garrison | Installed Relay Interface Framework 4290 | -8/Garrison | Triggered checkpoint 4327 | -8/Garrison | Garrison Relay disabled 4420 | -8/Garrison | Triggered checkpoint 4540 | -8/Garrison | Discovered new exit (range 12) 4706 | -8/Garrison | Triggered checkpoint 4785 | -8/Garrison | Garrison Relay disabled 4898 | -8/Garrison | Triggered checkpoint 4926 | -8/Garrison | Triggered checkpoint 5064 | -8/Garrison | Discovered new exit (range 12) 5164 | -8/Garrison | Discovered new exit (range 11) 5198 | -8/Garrison | Triggered checkpoint 5253 | -8/Garrison | Garrison Relay disabled 5671 | -8/Garrison | Entered Materials 5671 | -8/Materials | Accompanied by 1 ally 6013 | -8/Materials | Identified exit to Garrison 6123 | -8/Materials | Entered Garrison 6133 | -8/Garrison | Expanded RIF knowledge: Coupler Efficiency 6250 | -8/Garrison | Triggered checkpoint 6337 | -8/Garrison | Garrison Relay disabled 6380 | -8/Garrison | Triggered checkpoint 6423 | -8/Garrison | Build established: Bothacker-Mutant 6454 | -8/Garrison | Triggered checkpoint 6530 | -8/Garrison | Garrison Relay disabled 6565 | -8/Garrison | Discovered new exit (range 14) 6592 | -8/Garrison | Entered Factory 6592 | -7/Factory | Evolved 2 slots: Utility x2 6594 | -7/Factory | FarCom data flow suspended 6838 | -7/Factory | Discovered new exit (range 3) 7025 | -7/Factory | Discovered new exit (range 11) 8564 | -7/Factory | Discovered new exit (range 6) 8992 | -7/Factory | First assault squad dispatched 9013 | -7/Factory | Build established: Hauler-Mutant 9169 | -7/Factory | Lost 3 parts (2u1w) 9170 | -7/Factory | Destroyed 7 combat bots 9404 | -7/Factory | Build established: Bothacker-Mutant 9766 | -7/Factory | Build established: Hauler-Mutant 9766 | -7/Factory | Identified exit to Garrison 9766 | -7/Factory | Entered Garrison 9846 | -7/Garrison | Triggered checkpoint 9882 | -7/Garrison | Garrison Relay disabled 9969 | -7/Garrison | Triggered checkpoint 10006 | -7/Garrison | System corruption reached 10% 10046 | -7/Garrison | Triggered checkpoint 10277 | -7/Garrison | Spotted B-75 Beast 10348 | -7/Garrison | Triggered checkpoint 10456 | -7/Garrison | Discovered new exit (range 9) 10482 | -7/Garrison | Expanded RIF knowledge: Signal Jamming 10654 | -7/Garrison | Build established: Scavenger-Mutant 10744 | -7/Garrison | Entered Factory 11000 | -7/Factory | Identified exit to Garrison 11000 | -7/Factory | Entered Garrison 11084 | -7/Garrison | Triggered checkpoint 11147 | -7/Garrison | Garrison Relay disabled 11282 | -7/Garrison | Triggered checkpoint 11323 | -7/Garrison | Triggered checkpoint 11340 | -7/Garrison | Core integrity fell below 50% 11392 | -7/Garrison | Lost 3 parts (1u2w) 11420 | -7/Garrison | Triggered checkpoint 11432 | -7/Garrison | Triggered checkpoint 11455 | -7/Garrison | Build established: Bothacker-Mutant 11690 | -7/Garrison | Triggered checkpoint 11754 | -7/Garrison | Lost 6 parts (3n1u2w) 11760 | -7/Garrison | Garrison Relay disabled 11805 | -7/Garrison | Triggered checkpoint 11837 | -7/Garrison | Discovered new exit (range 15) 12115 | -7/Garrison | Lost 3 parts (2n1w) 12300 | -7/Garrison | Triggered checkpoint 12336 | -7/Garrison | Discovered new exit (range 10) 12362 | -7/Garrison | Expanded RIF knowledge: Robot Detection 12430 | -7/Garrison | Garrison Relay disabled 12642 | -7/Garrison | Discovered new exit (range 10) 12664 | -7/Garrison | Triggered checkpoint 12688 | -7/Garrison | Garrison Relay disabled 12738 | -7/Garrison | Build established: Botlord-Mutant 12751 | -7/Garrison | Entered Factory 12751 | -6/Factory | Accompanied by 2 allies 12751 | -6/Factory | Evolved 2 slots: Propulsion x1, Utility x1 13142 | -6/Factory | P-60 Hacker assimilated allied Guardian 4d 13502 | -6/Factory | Discovered new exit (range 6) 14139 | -6/Factory | Identified exit to Garrison 14139 | -6/Factory | Entered Garrison 14147 | -6/Garrison | Expanded RIF knowledge: Watcher Feeds 14188 | -6/Garrison | Triggered checkpoint 14386 | -6/Garrison | Triggered checkpoint 14386 | -6/Garrison | Spotted B-75 Beast 14399 | -6/Garrison | Triggered checkpoint 14484 | -6/Garrison | Destroyed B-75 Beast 14571 | -6/Garrison | Triggered checkpoint 14654 | -6/Garrison | Discovered new exit (range 8) 14700 | -6/Garrison | Triggered checkpoint 14738 | -6/Garrison | Garrison Relay disabled 14873 | -6/Garrison | Triggered checkpoint 14920 | -6/Garrison | Garrison Relay disabled 14992 | -6/Garrison | Triggered checkpoint 15180 | -6/Garrison | Discovered new exit (range 15) 15200 | -6/Garrison | Triggered checkpoint 15273 | -6/Garrison | Garrison Relay disabled 15349 | -6/Garrison | Entered Factory 15349 | -5/Factory | Accompanied by 9 allies 15349 | -5/Factory | Evolved 2 slots: Utility x1, Weapon x1 15439 | -5/Factory | Fabricated Imp. Plasma Cutter (x2) 15549 | -5/Factory | Local fabrication network quarantined 16227 | -5/Factory | Discovered new exit (range 7) 16410 | -5/Factory | Destroyed 7 combat bots 16486 | -5/Factory | Found Prototype Launcher 16486 | -5/Factory | Identified Tesla Bomb Launcher 16491 | -5/Factory | Found Tesla Bomb Launcher 16494 | -5/Factory | Found Tesla Bomb Launcher 16519 | -5/Factory | Sucked down chute 16519 | -5/Factory | Entered Waste 16519 | -5/Waste | The area was eerily silent 16519 | -5/Waste | Met up with 1 ally sucked down the chute earlier 16575 | -5/Waste | Found Damper Plating 16627 | -5/Waste | Build established: Bothacker-Mutant 16719 | -5/Waste | Discovered new exit (range 12) 16728 | -5/Waste | Found Prototype Device 16728 | -5/Waste | Identified Imp. Particle Accelerator 16970 | -5/Waste | A Compactor rumbled back to life 16971 | -5/Waste | Spotted C-40 Crusher 16974 | -5/Waste | Allies destroyed C-40 Crusher 17189 | -5/Waste | Entered Factory 17189 | -5/Factory | Accompanied by 1 ally 18567 | -5/Factory | Garrison activated, responded to threat 18790 | -5/Factory | Identified exit to Garrison 18790 | -5/Factory | Entered Garrison 18801 | -5/Garrison | Expanded RIF knowledge: Hotswap 18826 | -5/Garrison | Triggered checkpoint 18887 | -5/Garrison | Lost 7 parts (1p2n1u3w) 19039 | -5/Garrison | Triggered checkpoint 19063 | -5/Garrison | Garrison Relay disabled 19176 | -5/Garrison | Triggered checkpoint 19180 | -5/Garrison | Triggered checkpoint 19255 | -5/Garrison | Discovered new exit (range 8) 19270 | -5/Garrison | Triggered checkpoint 19294 | -5/Garrison | Triggered checkpoint 19513 | -5/Garrison | Discovered new exit (range 10) 19540 | -5/Garrison | Triggered checkpoint 19599 | -5/Garrison | Garrison Relay disabled 19687 | -5/Garrison | Triggered checkpoint 19722 | -5/Garrison | Triggered checkpoint 19799 | -5/Garrison | Discovered new exit (range 10) 19873 | -5/Garrison | Entered Factory 19873 | -5/Factory | Accompanied by 7 allies 19897 | -5/Factory | Build established: Botlord-Mutant 19978 | -5/Factory | Garrison activated, responded to threat 20011 | -5/Factory | Identified exit to Garrison 20011 | -5/Factory | Entered Garrison 20011 | -5/Garrison | Accompanied by 5 allies 20020 | -5/Garrison | Expanded RIF knowledge: Autooverride 20086 | -5/Garrison | Triggered checkpoint 20088 | -5/Garrison | Spotted B-75 Beast 20099 | -5/Garrison | Triggered checkpoint 20108 | -5/Garrison | Triggered checkpoint 20133 | -5/Garrison | Core integrity fell below 50% 20180 | -5/Garrison | Destroyed B-75 Beast 20210 | -5/Garrison | Triggered checkpoint 20396 | -5/Garrison | Discovered new exit (range 11) 20416 | -5/Garrison | Triggered checkpoint 20518 | -5/Garrison | Garrison Relay disabled 20686 | -5/Garrison | Triggered checkpoint 20730 | -5/Garrison | Garrison Relay disabled 20798 | -5/Garrison | Discovered new exit (range 15) 21036 | -5/Garrison | Entered Factory 21036 | -4/Factory | Evolved 2 slots: Power x1, Utility x1 21319 | -4/Factory | Fabricated Arm. Heavy Treads? 21536 | -4/Factory | First assault squad dispatched 21831 | -4/Factory | Local fabrication network quarantined 21945 | -4/Factory | Identified exit to Garrison 21945 | -4/Factory | Entered Garrison 22193 | -4/Garrison | Garrison Relay disabled 22424 | -4/Garrison | Triggered checkpoint 22424 | -4/Garrison | Spotted B-86 Titan 22438 | -4/Garrison | Triggered checkpoint 22446 | -4/Garrison | Triggered checkpoint 22448 | -4/Garrison | Allies destroyed B-86 Titan 22611 | -4/Garrison | Discovered new exit (range 10) 22624 | -4/Garrison | Triggered checkpoint 22676 | -4/Garrison | Garrison Relay disabled 22714 | -4/Garrison | Triggered checkpoint 22854 | -4/Garrison | Discovered new exit (range 11) 22882 | -4/Garrison | Triggered checkpoint 22961 | -4/Garrison | Garrison Relay disabled 23212 | -4/Garrison | Spotted B-86 Titan 23361 | -4/Garrison | Destroyed B-86 Titan 23574 | -4/Garrison | Discovered new exit (range 9) 23600 | -4/Garrison | Expanded RIF knowledge: Program Shield 23671 | -4/Garrison | Triggered checkpoint 23773 | -4/Garrison | Entered Research 23773 | -3/Research | Accompanied by 2 allies 23773 | -3/Research | Evolved 2 slots: Utility x1, Weapon x1 24102 | -3/Research | Build established: Botlord-Tank 24239 | -3/Research | Discovered new exit (range 13) 24563 | -3/Research | Identified exit to Research 24989 | -3/Research | Build established: Botlord-Mutant 25174 | -3/Research | Discovered new exit (range 3) 25333 | -3/Research | Build established: Botlord-Tank 25489 | -3/Research | Identified exit to Armory 25554 | -3/Research | First assault squad dispatched 25612 | -3/Research | System corruption reached 10% 25913 | -3/Research | Identified exit to Testing 26151 | -3/Research | Build established: Bothacker-Tank 26352 | -3/Research | Spotted B-86 Titan 26373 | -3/Research | Destroyed B-86 Titan 26393 | -3/Research | Found Unknown Launcher 26393 | -3/Research | Identified Gamma Bomb Array 26406 | -3/Research | Found Gamma Bomb Array 26408 | -3/Research | Found Gamma Bomb Array 26528 | -3/Research | Fabricated Biometal Heavy Treads (x2) 26543 | -3/Research | Local fabrication network quarantined 26589 | -3/Research | Build established: Hauler-Tank 26619 | -3/Research | Entered Testing 26639 | -3/Testing | Found Prototype Hackware 26639 | -3/Testing | Identified Ghost Barrier 27080 | -3/Testing | Spotted Striker 27082 | -3/Testing | Spotted Striker 27107 | -3/Testing | Found Prototype Launcher 27107 | -3/Testing | Identified Z-bomb Delivery System 27119 | -3/Testing | First assault squad dispatched 27251 | -3/Testing | Lost 4 parts (1p1n2u) 27528 | -3/Testing | Spotted PX-CICIWJBN69 27565 | -3/Testing | Destroyed PX-CICIWJBN69 27865 | -3/Testing | Build established: Hauler-Mutant 28001 | -3/Testing | Found Prototype Ballistic Cannon 28001 | -3/Testing | Identified Omega Cannon 28243 | -3/Testing | Identified exit to Garrison 28243 | -3/Testing | Entered Garrison 28253 | -3/Garrison | Expanded RIF knowledge: Command Fork 28302 | -3/Garrison | Triggered checkpoint 28341 | -3/Garrison | Garrison Relay disabled 28439 | -3/Garrison | Lost 3 parts (2n1w) 28460 | -3/Garrison | Triggered checkpoint 28474 | -3/Garrison | Spotted B-86 Titan 28476 | -3/Garrison | Assimilated Titan 8a with formatsys_high 28512 | -3/Garrison | Destroyed 8 combat bots 28706 | -3/Garrison | Discovered exit to Research (range 8) 28740 | -3/Garrison | Triggered checkpoint 28805 | -3/Garrison | Garrison Relay disabled 28922 | -3/Garrison | Triggered checkpoint 28982 | -3/Garrison | Triggered checkpoint 29021 | -3/Garrison | Triggered checkpoint 29058 | -3/Garrison | Garrison Relay disabled 29110 | -3/Garrison | Discovered exit to Research (range 14) 29116 | -3/Garrison | Build established: Botlord-Mutant 29237 | -3/Garrison | Discovered exit to Research (range 9) 29260 | -3/Garrison | Triggered checkpoint 29281 | -3/Garrison | Garrison Relay disabled 29343 | -3/Garrison | Entered Research 29343 | -2/Research | Accompanied by 6 allies 29343 | -2/Research | Evolved 2 slots: Utility x1, Weapon x1 29421 | -2/Research | Garrison activated, responded to threat 29967 | -2/Research | Discovered new exit (range 30) 29974 | -2/Research | Found Prototype Processor 29974 | -2/Research | Identified Spectral Analyzer 30197 | -2/Research | System corruption reached 10% 30251 | -2/Research | Lost 4 parts (1p3u) 30398 | -2/Research | Identified exit to Access 30897 | -2/Research | System corruption reached 30% 30964 | -2/Research | Lost 11 parts (3p2n2u4w) 31120 | -2/Research | Discovered new exit (range 7) 31132 | -2/Research | Identified exit to Quarantine 31134 | -2/Research | Entered Quarantine 31134 | -2/Quarantine | Accompanied by 1 ally 31250 | -2/Quarantine | Found Alien Energy Cannon 31250 | -2/Quarantine | Identified Core Cannon 31372 | -2/Quarantine | Found Alien Artifact 31616 | -2/Quarantine | Build established: Botlord-Gunner 31646 | -2/Quarantine | Identified Subatomic Replicator 31670 | -2/Quarantine | Lost 3 parts (1p2u) 31871 | -2/Quarantine | Garrison activated, responded to threat 32103 | -2/Quarantine | Found Alien Artifact 32103 | -2/Quarantine | Identified Phase Redirector 32129 | -2/Quarantine | Discovered exit to Access (range 16) 32186 | -2/Quarantine | Core integrity fell below 50% 32468 | -2/Quarantine | Entered Access 32468 | -1/Access | Evolved 2 slots: Utility x2 32671 | -1/Access | Spotted B-99 Colossus 32705 | -1/Access | System corruption reached 10% 32727 | -1/Access | Build established: Botlord-Mutant 32748 | -1/Access | Spotted B-99 Colossus 32749 | -1/Access | Spotted B-99 Colossus 32766 | -1/Access | Core integrity fell below 50% 32783 | -1/Access | Core integrity fell below 20% 32804 | -1/Access | Destroyed by P-80 Master with Gamma Rifle Last Messages --------------- 32784_ Penetrated by Slug. 32784_ Slug penetrates Wall. 32785_ Slammed into H-88 Terminator. 32787_ Penetrated by Slug. 32790_ Slug penetrates Wall. 32792_ Slammed into P-80 Master. 32792_ Adv. Signal Interpreter permanently disabled. 32792_ Destabilizing: Short circuit. 32793_ Slammed into P-80 Master. 32795_ Slug penetrates Wall. 32795_ Slammed into P-80 Master. 32795_ Destabilizing: Core damaged (-80). 32795_ Slug penetrates Door. 32795_ Critical hit. 32795_ Enh. Armored Heavy Treads destroyed. 32795_ Slug penetrates Door. 32796_ Slammed into P-80 Master. 32797_ Destabilizing: System corrupted (+2). 32799_ Relay Coupler [Sentry] destroyed. 32804_ System corrupted: Matter fused (-5). Map ----- +----------------------------------------------------+ | """ ??# """ ## #??????????????# | | """ ???# """ !## #??????????????# | | ? " ????# " ## #??????????????# | | ?? ????# ## #??????????????# | | ??? ?????# ## ##?????????????# | | ???##"#################/### #?????????????# | | #### [ #?????????????# | | # #?????????????# | | # ##################### #?????????????# | | + #???????????????????##+###?????????????# | | # #??#####???????????? ??????????????# | | # #?? " ???????????# #?????????????# | | # #? """ "???????# #?????????????# | | # #? """ """??????# #?????????????#!! | | # *# " " ???# #?????????????#!! | | = #=%# ???# #?????????????#! | | ####!|+ ] ???# #?????????????# | | ???# # ???# #?????????????# | | ???# # ???# #?????????????# | | ???# ####################################+### | | ???# | | ???# | | ???# ^ | | ???# | | ???# ^ = ! | | ???# @ =%! ! | | ???# k pA ! | | ???# ######################+######### ###+####### | | ???# #???????????????????? ???????# #?# ????? | | ???# #???????????????????? ???????# #?# ??? | | ???+ ???????????????????? ??????# #?# ? | | ???# ????????????????????"""""??????# #?# | | ???# ??????????????????? """"""??####"### | | ???# ??????????????????? """"""??# ## | | ???# ?????????????????? """""" ?# ## | | ???? ?????????????????? ????????# g ## | | ???????????????????????" ?????????# #? | | ??????????????????????? ??????????# g #? | | ??????????????????????????????????# #? | | ??????????????????????????????????# g #? | | ??????????????????????????????????# #?######## | | ??????????????????????????????????# #????????? | | ??????????????????????????#######?# #????????? | | ??????????????????????????" ?# #????????? | | ??????????????????????????" # #????????? | | ??????????????????????????" !###/#"##???????? | | ??????????????????????????" %= #???##??? | | ??????????????????????????" * #???"""T" | | ??????????????????????????" #?? """ " | | ??????????????????????????" #? | +----------------------------------------------------+ Best States ------------- Heat Dissipation 87 Energy Generation 45 Energy Capacity 580 Matter Stores 300 Matter Capacity 300 Sight Range 16 Terrain Scan Density 10 Armor Coverage 2400 Resistance: EM 90 Core Shielding 30 Evasion (%) 50 Target Analysis 8 Core Analysis 10 Recoil Reduction 4 Particle Charging 40 Offensive Hacking 14 Defensive Hacking 20 Relay Coupler Types 139 Relay Coupler Value 5 Item Schematics ----------------- Arm. Heavy Treads | -5/Factory | Hacked Robot Schematics ------------------ None Fabricated ------------ Imp. Plasma Cutter | x2 | -5/Factory | Preloaded Arm. Heavy Treads | x2 | -4/Factory Biometal Heavy Treads | x2 | -3/Research | Preloaded Alien Tech Used ----------------- Core Cannon Subatomic Replicator Phase Redirector Achievements -------------- Assassin Challenges ------------ None Game ------ Seed ReactionSniperSlayer Manual? 0 Play Time 04:35:59 Cumulative 171.9 hours Start 2021.05.26 @ 18:20:36 End 2021.05.27 @ 14:51:39 Sessions 5 Manual Loads 0 Difficulty Rogue Special Mode None Game No. 213 Rogue 126 Adventurer 87 Explorer 0 Win Type - Total 4 Types 3/0/0/1/0/0/0/0/0 Lore% 63 Gallery% 72 Achievement% 60 Wizard Run 0 Options --------- ASCII 0 Keyboard 1 Movement Numpad Keybinds 0 Fullscreen 1 Font 18/Smallcaps Map View 76x50 Tactical HUD 1 Map Filters NONE Filters NONE Steam 1 RUN: d9758a14-20b1-4168-890e-a4035487cfe7